 Dungeon Crawl Stone Soup version 0.29-a0-885-gb26ba3297d (webtiles) character file.

Game seed: 8261167531173334691

410 IdlyInterested the Trooper (level 6, 0/48 HPs)
             Began as a Demonspawn Wanderer on July 20, 2022.
             Slain by Pikel
             ... wielding a +2 whip of flaming
              (4 damage)
             ... on level 4 of the Dungeon.
             The game lasted 00:14:55 (4663 turns).

IdlyInterested the Trooper (Demonspawn Wanderer)    Turns: 4663, Time: 00:14:56

Health: 0/48       AC: 11    Str: 14    XL:     6   Next: 58%
Magic:  10/10      EV: 10    Int: 14    God:
Gold:   194        SH:  0    Dex: 18    Spells: 4/11 levels left

rFire   . . .      SeeInvis .   a - +2 hand axe
rCold   . . .      Faith    .   (no shield)
rNeg    . . .      Spirit   .   r - +0 scale mail
rPois   .          Reflect  .   t - +0 helmet
rElec   .          Harm     .   (no cloak)
rCorr   .          Rampage  .   q - +1 pair of gloves "Suinio" {Str+2 Slay+3}
Will    .....                   (no boots)
Stlth   +.........              s - amulet of magic regeneration
HPRegen 0.16/turn               j - +6 ring of dexterity
MPRegen 0.52/turn               (no ring)

@: very slightly contaminated
A: hooves 2, molten scales 1, powered by pain 1, weak 1, MP-powered wands
a: no special abilities


You were on level 4 of the Dungeon.
You visited 1 branch of the dungeon, and saw 4 of its levels.

You collected 194 gold pieces.

Inventory:

Hand Weapons
 a - a +2 hand axe (weapon)
 i - a +1 dagger of venom
Missiles
 b - 17 poisoned darts
 w - 6 boomerangs
Armour
 k - a +1 pair of gloves
 q - the +1 pair of gloves "Suinio" (worn) {Str+2 Slay+3}
   (You found it on level 3 of the Dungeon)

   Str:       It affects your strength (+2).
   Slay:      It affects your accuracy & damage with ranged weapons and melee
   (+3).
 r - a +0 scale mail (worn)
 t - a +0 helmet (worn)
 v - a +0 robe of positive energy
Magical Staves
 c - a staff of earth
Jewellery
 j - a +6 ring of dexterity (left hand)
 s - an amulet of magic regeneration (around neck)
Scrolls
 l - a scroll of identify
 p - a scroll of amnesia
Potions
 d - 3 potions of attraction
 f - a potion of mutation
 g - a potion of haste
 h - a potion of magic
 m - 3 potions of curing
 n - a potion of lignification


   Skills:
 * Level 3.6 Fighting
 + Level 3.6 Axes
 + Level 1.5 Throwing
 - Level 2.0 Dodging
 - Level 2.0 Stealth
 - Level 3.0 Spellcasting
 - Level 3.0 Summonings
 - Level 1.0 Evocations


You had 4 spell levels left.
You knew the following spells:

 Your Spells              Type           Power      Damage    Failure   Level
a - Summon Small Mammal   Summ           40%        N/A       28%         1
b - Call Canine Familiar  Summ           10%        N/A       63%         3
c - Summon Guardian Gole  Hex/Summ       6%         N/A       83%         3

Your spell library contained the following spells:

 Spells                   Type           Power      Damage    Failure   Level
 Portal Projectile        Hex/Tloc       4%         N/A       96%         3
 Leda's Liquefaction      Hex/Erth       1%         N/A       100%        4


Dungeon Overview and Level Annotations

Branches:
Dungeon (4/15)
 Temple: D:4-7

Altars:
Ru
Sif Muna

Shops:
D:3 :

Annotations:
D:4 Pikel


Innate Abilities, Weirdness & Mutations

You have hoof-like feet.
You are partially covered in molten scales. (AC +2)
You sometimes gain a little power by taking damage.
You are weak. (Str -2)
You expend magic power (3 MP) to strengthen your wands.


Message History

The lemure is heavily wounded.
You hit the lemure.
An adder comes into view.
Your rat bites the lemure but does no damage.
The lemure closely misses your rat. The lemure hits you but does no damage.
You catch the helpless lemure completely off-guard!
You hit the lemure but do no damage. Your kick misses the lemure.
The lemure is heavily wounded.
You hit the lemure.
Your rat barely misses the lemure.
The lemure hits you but does no damage.
You slash Pikel!
Pikel is lightly wounded.
You closely miss the lemure. You hit the lemure.
Your rat bites Pikel but does no damage.
The lemure barely misses you. The lemure closely misses you.
Pikel hits you with a +2 whip of flaming!
Pikel burns you.
You hit Pikel but do no damage.
Pikel is lightly wounded.
You hit the lemure. You closely miss the lemure. Your rat misses Pikel.
The lemure hits you. The lemure hits you but does no damage.
Pikel hits you with a +2 whip of flaming!
* * * LOW HITPOINT WARNING * * *
Pikel burns you.
* * * LOW HITPOINT WARNING * * *
You hit Pikel. Your kick misses Pikel.
Pikel is moderately wounded.
You closely miss the lemure. You hit the lemure but do no damage.
Your rat bites Pikel but does no damage.
The lemure barely misses you. The lemure completely misses you.
Pikel barely misses you.
Unknown command.
You barely miss Pikel. Your kick misses Pikel.
Pikel is moderately wounded.
You hit the lemure. You barely miss the lemure.
Your rat bites Pikel but does no damage.
The lemure hits you but does no damage. The lemure hits you.
* * * LOW HITPOINT WARNING * * *
Pikel hits you with a +2 whip of flaming.
You die...

.....#.[.#.#.#.## .#
####...###.#...# #
####.####..##..#
................>
##........#####.#
#####.....# .. ####
......#...## ###....##
#####...#..#######r....#.##
#.####......@K5........ #.#
#######55.......... ..#
#S5...... #..# ..##
#.......# #..#### ..#
......... #...... ##.......
#...... ....).. #......
#.....# #...... #...##
##.....


You could see Pikel, 4 lemures, an adder and a friendly rat (summoned).

Vanquished Creatures
  A black bear (D:4)
  A scorpion (D:3)
  A hound (D:4)
  A jelly (D:4)
  2 iguanas (D:4)
  3 gnolls (D:4)
  2 adders (D:2)
  3 worms
  3 dart slugs
  4 orcs (D:4)
  6 ball pythons
  4 endoplasms
  4 giant cockroaches
  7 goblins
  9 hobgoblins
  4 jackals (D:4)
  4 quokkas
  7 bats
  A frilled lizard (D:1)
  10 kobolds
  4 rats
81 creatures vanquished.

Vanquished Creatures (collateral kills)
  A ball python (D:2)
1 creature vanquished.

Grand Total: 82 creatures vanquished

Notes
Turn   | Place    | Note
-------+----------+-------------------------------------------
     0 | D:1      | IdlyInterested the Demonspawn Wanderer began the quest for
                  | the Orb.
     0 | D:1      | IdlyInterested set off with the following items: a +2 hand
                  | axe, 14 poisoned darts, a +0 dagger, a potion of
                  | attraction, a +0 leather armour; and the following spell
                  | memorised: Summon Small Mammal; and the following spells
                  | available to memorise: Summon Guardian Golem.
     0 | D:1      | Reached XP level 1. HP: 16/16 MP: 2/2
   196 | D:1      | Gained mutation: You have large cloven feet. [demonic
                  | ancestry]
   196 | D:1      | Reached XP level 2. HP: 8/22 MP: 4/4
   408 | D:1      | Reached skill level 1 in Stealth
  1279 | D:1      | Reached XP level 3. HP: 26/27 MP: 5/5
  2866 | D:3      | Identified the +1 pair of gloves "Suinio" {Str+2 Slay+3}
  2870 | D:3      | Gained mutation: You are partially covered in molten
                  | scales. (AC +2) [demonic ancestry]
  2870 | D:3      | Reached XP level 4. HP: 28/33 MP: 5/7
  2994 | D:3      | Gained mutation: You expend magic power (3 MP) to
                  | strengthen your wands. [potion of mutation]
  2994 | D:3      | Gained mutation: You are weak. (Str -2) [potion of
                  | mutation]
  3016 | D:3      | Found Dunanoah's Book Shoppe.
  3118 | D:3      | Noticed a scorpion
  3132 | D:3      | Killed a scorpion
  3133 | D:3      | Reached skill level 1 in Dodging
  3133 | D:3      | Gained mutation: You have hoof-like feet. [demonic
                  | ancestry]
  3133 | D:3      | Reached XP level 5. HP: 40/41 MP: 6/8
  3389 | D:3      | Found a sacrificial altar of Ru.
  3389 | D:3      | Found a shimmering blue altar of Sif Muna.
  3804 | D:3      | Learned a level 3 spell: Call Canine Familiar
  3808 | D:3      | Learned a level 3 spell: Summon Guardian Golem
  4039 | D:4      | HP: 2/41 [iguana (6)]
  4422 | D:4      | Gained mutation: You sometimes gain a little power by
                  | taking damage. [demonic ancestry]
  4422 | D:4      | Reached XP level 6. HP: 29/47 MP: 10/10
  4650 | D:4      | Noticed Pikel
  4663 | D:4      | Slain by Pikel

Illustrated notes

Levels and vault maps discovered:
D:1:      erik_arrival_cave_to_civilisation [erik_arrival_cave_to_hall],
          layout_basic, wander_ebering_terrifying_dragon_lair
D:2:      layout_basic
D:3:      layout_loops_ring, nicolae_overflow_two_pavilions, serial_shops,
          nicolae_shop_window_shopping
D:4:      minmay_spotlight, layout_rooms, uniq_grinder, uniq_eustachio,
          uniq_pikel

Skill      XL: |  1  2  3  4  5 |
---------------+----------------+-----
Stealth        | 1 2 |  2.0
Axes           | 2 3 |  3.6
Spellcasting   | 2 3 |  3.0
Fighting       | 3 |  3.6
Dodging        | 1 2 |  2.0
Throwing       | |  1.5
Summonings     | |  3.0
Evocations     | |  1.0

Action                   |  1- 3 |  4- 6 || total
-------------------------+-------+-------++-------
Melee: Hand axe          |    98 |    85 ||   183
       Kick              |    17 |    24 ||    41
 Cast: Summon Small Mamm |    10 |    15 ||    25
  Use: Scroll            |       |    11 ||    11
       Potion            |       |     1 ||     1
 Stab: Sleeping          |     2 |       ||     2
       Distracted        |       |     1 ||     1
Armor: Leather armour    |    23 |       ||    23
       Ring mail         |    17 |       ||    17
       Scale mail        |       |    38 ||    38
Dodge: Dodged            |    55 |    56 ||   111

Table legend: (Time is in decaauts)
 A = Elapsed time spent in this place.
 B = Non-inter-level travel time spent in this place.
 C = Inter-level travel time spent in this place.
 D = Time resting spent in this place.
 E = Time spent auto-exploring this place.
 F = Levels seen in this place.
 G = Mean time per level.
                   A        B        C        D        E       F      G
               +--------+--------+--------+--------+--------+-----+--------+
         Total |   4697 |   3844 |    853 |   1005 |   1839 |   4 | 1174.2 |
       Dungeon |   4697 |   3844 |    853 |   1005 |   1839 |   4 | 1174.2 |
               +--------+--------+--------+--------+--------+-----+--------+

Top non-repeatable levels by time:
     D:1: 2001 daAuts
     D:3: 1215 daAuts
     D:2: 970 daAuts
     D:4: 509 daAuts
